 Dungeon Crawl Stone Soup version 0.30-a0-824-g6c64550be9 (webtiles) character file.

Game seed: 1663989001949005750

124 qeuew the Slasher (level 4, 38/38 HPs)
             Began as a Demonspawn Monk on Feb 27, 2023.
             Was a Believer of Okawaru.
             Quit the game on level 2 of the Dungeon.
             The game lasted 00:02:00 (1733 turns).

qeuew the Slasher (Demonspawn Monk)                 Turns: 1733, Time: 00:02:00

Health: 38/38      AC:  6    Str: 11    XL:     4   Next: 81%
Magic:  4/4        EV: 13    Int: 11    God:    Okawaru [**....]
Gold:   60         SH:  0    Dex: 24    Spells: 3/3 levels left

rFire   . . .      SeeInvis .    a - +0 falchion
rCold   . . .      Faith    .    (no shield)
rNeg    . . .      Spirit   .    k - +0 ring mail
rPois   .          Reflect  .    (no helmet)
rElec   .          Harm     .    (no cloak)
rCorr   .          Rampage  .    (no gloves)
Will    .....                    (no boots)
Stlth   ++                       (no amulet)
HPRegen 0.26/turn                h - +6 ring of dexterity
MPRegen 0.09/turn                (no ring)

@: no status effects
A: (demonic guardian 1)
a: Renounce Religion, Heroism


You were on level 2 of the Dungeon.
You worshipped Okawaru.
Okawaru was pleased with you.
You visited 1 branch of the dungeon, and saw 2 of its levels.

You collected 60 gold pieces.

Inventory:

Hand Weapons
 a - a +0 falchion (weapon)
Armour
 k - a +0 ring mail (worn)
Jewellery
 h - a +6 ring of dexterity (left hand)
Scrolls
 d - 3 scrolls of teleportation
 f - 2 scrolls of enchant weapon {unknown}
 g - a scroll of fog {unknown}
Potions
 b - a potion of curing {unknown}
 c - a potion of ambrosia
 e - 3 potions of lignification {unknown}
 i - a potion of attraction {unknown}


   Skills:
 + Level 4.8 Fighting
 * Level 5.7 Long Blades
 * Level 4.9 Armour
 + Level 4.4 Dodging
 - Level 1.7 Stealth


You had 3 spell levels left.
You didn't know any spells.
Your spell library was empty.

Dungeon Overview and Level Annotations

Branches:
Dungeon (2/15)

Altars:
Okawaru


Innate Abilities, Weirdness & Mutations

((A weak demonic guardian rushes to your aid.))


Message History

You hit the bat.
The bat is severely wounded.
The bat barely misses you. The bat hits you but does no damage.
You closely miss the bat.
The bat is severely wounded.
The bat barely misses you. The bat hits you but does no damage.
You hit the bat but do no damage.
The bat is heavily wounded.
The bat barely misses you. The bat closely misses you.
You hit the bat.
The bat is severely wounded.
The bat hits you. The bat closely misses you.
You slash the bat!
You kill the bat!
No target in view!
No target in view!
There is an open door here.
There is an open door here.
You open the door.
There is an open door here.
There is a stone staircase leading down here.
You open the door.
Done exploring.
Done exploring.
Done exploring.
Done exploring.
No target in view!
You see here 4 stones.
There is an open door here.
There is a faded altar of an unknown god here.
You see here a stone.
This altar belongs to (a) Dithmenos, (b) Okawaru or (c) Makhleb, but you can't tell which.
Press the corresponding letter to learn more about a god, or press enter to convert or escape to cancel.
Okay, then.
This altar belongs to (a) Dithmenos, (b) Okawaru or (c) Makhleb, but you can't tell which.
Press the corresponding letter to learn more about a god, or press enter to convert or escape to cancel.
Okawaru accepts your prayer! Okawaru welcomes you!
You can now gain great but temporary skills.
Are you sure you want to abandon this character and quit the game? (Confirm with "yes".)

####........##..#..)))..#.....#
####........###.#....(.⌠....#.###
...#........#....(......)...#...#
...#........#.#.#..##.....#####.#
.......##.......#.##..)....## #.#
.......##.......###.........###.#
.......##.......##...........##.#
.......##......###....#≈#...)####
...##.###......#@'....≈_≈....'÷#
...##.###......###....#≈#....###
...#>.....###'#.##...........#
#########.# #.#..##.........##
#.# #.#...##.......##
###.###.##.#.####'####
#.....#.##....# #.##.#
#.#...#.#####.# ####.# #.#####.#
#.# #.#


There were no monsters in sight!

Vanquished Creatures
  4 gnolls (D:2)
  A worm (D:2)
  3 dart slugs
  4 orcs (D:2)
  3 endoplasms
  2 giant cockroaches (D:2)
  2 goblins (D:1)
  A hobgoblin (D:1)
  A quokka (D:2)
  7 ball pythons
  5 bats
  4 frilled lizards
  5 kobolds
  3 rats (D:2)
45 creatures vanquished.

Notes
Turn   | Place    | Note
-------+----------+-------------------------------------------
     0 | D:1      | qeuew the Demonspawn Monk began the quest for the Orb.
     0 | D:1      | Reached XP level 1. HP: 18/18 MP: 1/1
    83 | D:1      | Gained mutation: A weak demonic guardian rushes to your
                  | aid. [demonic ancestry]
    83 | D:1      | Reached XP level 2. HP: 24/24 MP: 2/2
   464 | D:1      | Reached skill level 3 in Long Blades
   658 | D:1      | Reached skill level 1 in Armour
   773 | D:1      | Reached skill level 5 in Long Blades
   773 | D:1      | Reached XP level 3. HP: 31/31 MP: 3/3
   903 | D:2      | Reached XP level 4. HP: 32/38 MP: 4/4
  1390 | D:2      | Found a faded altar of an unknown god.
  1732 | D:2      | Prayed at the altar of an unknown god.
  1732 | D:2      | Became a worshipper of Warmaster Okawaru
  1732 | D:2      | Reached * piety under Okawaru
  1732 | D:2      | Reached ** piety under Okawaru
  1733 | D:2      | Quit the game

Illustrated notes

Levels and vault maps discovered:
D:1:      roderic_octagonal_star, layout_basic, serial_bayou_pond_d
D:2:      layout_basic, hellmonk_ecumenical_altar_defaced_shrine,
          minmay_misc_feat_cross

Skill      XL: |  1  2 |
---------------+-------+-----
Long Blades    | 5 |  5.7
Armour         | 4 |  4.9
Fighting       | 4 |  4.8
Dodging        | 4 |  4.4
Stealth        | |  1.7

Action                     |  1- 3 |  4- 6 || total
---------------------------+-------+-------++-------
  Melee: Falchion          |    50 |    72 ||   122
         Punch             |       |     1 ||     1
    Use: Scroll            |     4 |       ||     4
         Potion            |     1 |       ||     1
   Stab: Sleeping          |     5 |     3 ||     8
 Armour: Robe              |     3 |       ||     3
         Ring mail         |     2 |    24 ||    26
  Dodge: Dodged            |    37 |    36 ||    73

Table legend: (Time is in decaauts)
 A = Elapsed time spent in this place.
 B = Non-inter-level travel time spent in this place.
 C = Inter-level travel time spent in this place.
 D = Time resting spent in this place.
 E = Time spent auto-exploring this place.
 F = Levels seen in this place.
 G = Mean time per level.
                   A        B        C        D        E       F      G
               +--------+--------+--------+--------+--------+-----+--------+
         Total |   1742 |   1683 |     59 |      0 |   1367 |   2 |  871.0 |
       Dungeon |   1742 |   1683 |     59 |      0 |   1367 |   2 |  871.0 |
               +--------+--------+--------+--------+--------+-----+--------+

Top non-repeatable levels by time:
     D:2: 939 daAuts
     D:1: 802 daAuts
